 Dungeon Crawl Stone Soup version 0.25-a0-890-g62861fb195 (webtiles) character file.

Game seed: 15394701551399091388, levelgen mode: classic

65 Amnesiac the Chiller (level 3, -2/19 HPs)
             Began as a Deep Elf Ice Elementalist on May 3, 2020.
             Slain by a jackal (3 damage)
             ... on level 2 of the Dungeon.
             The game lasted 00:02:44 (295 turns).

Amnesiac the Chiller (Deep Elf Ice Elementalist)     Turns: 295, Time: 00:02:44

Health: -2/19      AC:  2    Str:  5    XL:     3   Next: 92%
Magic:  1/10       EV: 13    Int: 20    God:
Gold:   8          SH:  0    Dex: 15    Spells: 3/10 levels left

rFire    . . .     SeeInvis .   g - +0 spear
rCold    . . .     Gourm    .   (no shield)
rNeg     . . .     Faith    .   a - +0 robe
rPois    .         Spirit   .   (no helmet)
rElec    .         Reflect  .   (no cloak)
rCorr    .         Harm     .   (no gloves)
MR       .....                  (no boots)
Stlth    ++........             (no amulet)
HPRegen  0.06/turn              (no ring)
MPRegen  0.12/turn              (no ring)

@: no status effects
A: no striking features
a: no special abilities


You were on level 2 of the Dungeon.
You were not hungry.

You visited 1 branch of the dungeon, and saw 2 of its levels.

You collected 8 gold pieces.

Inventory:

Hand Weapons
 g - a +0 spear (weapon)
Armour
 a - a +0 robe (worn)
Wands
 e - a wand of iceblast (12)
Scrolls
 b - a scroll of teleportation {!r, unknown}
 d - 2 scrolls of identify {!r, unknown}
Comestibles
 c - 2 rations
 f - 8 chunks of flesh


   Skills:
 - Level 2.4 Dodging
 - Level 2.4 Stealth
 + Level 4.1 Spellcasting
 * Level 5.6 Ice Magic


You had 3 spell levels left.
You knew the following spells:

 Your Spells              Type           Power        Failure   Level  Hunger
a - Freeze                Ice            ####         1%          1    None
b - Frozen Ramparts       Ice            ####..       3%          3    ###....
z - Ozocubu's Armour      Chrm/Ice       ###.....     12%         3    ###....

Your spell library contained the following spells:

 Spells                   Type           Power        Failure   Level  Hunger
 Hailstorm                Conj/Ice       ###.....     36%         4    ####...
 Summon Ice Beast         Ice/Summ       ###.....     36%         4    ####...


Dungeon Overview and Level Annotations

Branches:
Dungeon (2/15)

Altars:


Message History

The frozen ramparts melt away.
A jackal comes into view.
A jackal comes into view.
Things that are here:
a +0 spear; a gnoll corpse You butcher the gnoll corpse.
Things that are here:
a +0 spear; a chunk of flesh; a gnoll skeleton There isn't anything to butcher here.
Casting: Freeze (safe; 1% risk of failure)
Confirm with . or Enter, or press ? or * to list all spells.
Aiming: Freeze (safe; 1% risk of failure)
Press: ? - help, Shift-Dir - straight line, f - jackal
Aim: a jackal You freeze the jackal.
The jackal is moderately wounded.
A jackal comes into view.
The jackal closely misses you.
Casting: Freeze (safe; 1% risk of failure)
Confirm with . or Enter, or press ? or * to list all spells.
Aiming: Freeze (safe; 1% risk of failure)
Press: ? - help, Shift-Dir - straight line, f/p - jackal
Aim: a jackal (moderately wounded)
You freeze the jackal.
The jackal is severely wounded.
The jackal barely misses you.
A hobgoblin comes into view. It is wielding a +0 club.
Casting: Freeze (safe; 1% risk of failure)
Confirm with . or Enter, or press ? or * to list all spells.
Aiming: Freeze (safe; 1% risk of failure)
Press: ? - help, Shift-Dir - straight line, f/p - jackal
Aim: a jackal (severely wounded)
You freeze the jackal!
You kill the jackal!
You see here a +0 club.
You see here a gnoll skeleton.
The jackal bites you.
* * * LOW HITPOINT WARNING * * *
Some of the chunks of flesh in your inventory have rotted away.
The hobgoblin hits you with a +0 club.
* * * LOW HITPOINT WARNING * * *
The jackal barely misses you. The hobgoblin hits you with a +0 club.
* * * LOW HITPOINT WARNING * * *
You see here the felid skeleton of Natasha.
Casting: Freeze (safe; 1% risk of failure)
Confirm with . or Enter, or press ? or * to list all spells.
Aiming: Freeze (safe; 1% risk of failure)
Press: ? - help, Shift-Dir - straight line, f - jackal
Aim: a jackal You freeze the jackal!
You kill the jackal!
A worm comes into view.
The jackal bites you.
* * * LOW HITPOINT WARNING * * *
You aren't carrying any potions.
You aren't carrying any potions.
Okay, then.
The jackal misses you.
Things that are here:
2 stones; a kobold skeleton The jackal barely misses you.
The jackal bites you.
You die...

##.......# #<.......#
##.......# #..÷....#
#.......# ###÷#####
#.##### #.....#####
##### #.....@h..# .....
#.....###g####### .....
#######.)).#.)÷.##.....
#.......#)##........
#........#.#.........
#.......÷#...........
#........†...........
#############w.......
........#


You could see a jackal and a hobgoblin.

Vanquished Creatures
  Natasha (D:2)
  3 gnolls (D:2)
  2 goblins (D:2)
  3 jackals (D:2)
  2 frilled lizards (D:2)
  3 kobolds (D:2)
  A rat (D:2)
15 creatures vanquished.

Notes
Turn   | Place    | Note
-------+----------+-------------------------------------------
     0 | D:1      | Amnesiac the Deep Elf Ice Elementalist began the quest for
                  | the Orb.
     0 | D:1      | Reached XP level 1. HP: 10/10 MP: 6/6
   171 | D:2      | Noticed Natasha
   180 | D:2      | Killed Natasha
   180 | D:2      | Reached skill level 5 in Ice Magic
   180 | D:2      | Reached XP level 2. HP: 12/15 MP: 2/8
   180 | D:2      | Reached XP level 3. HP: 15/19 MP: 2/10
   185 | D:2      | Learned a level 3 spell: Frozen Ramparts
   189 | D:2      | Learned a level 3 spell: Ozocubu's Armour
   295 | D:2      | Slain by a jackal

Levels and vault maps discovered:
D:1:      dpeg_arrival_more_subterranean_lakeside_camping, layout_loops_ring,
          minmay_pentomino_q4
D:2:      layout_basic, marbit_many_paths, uniq_natasha

Skill      XL: |  1  2  3 |
---------------+----------+-----
Ice Magic      | 5 |  5.6
Spellcasting   | 4 |  4.1
Dodging        | |  2.4
Stealth        | |  2.4

Action                   || total
-------------------------++-------
Melee: Unarmed           ||     4
 Cast: Freeze            ||    21
       Frozen Ramparts   ||     2
Armor: Robe              ||     2
Dodge: Dodged            ||    19

Table legend:
 A = Non-vault XP
 B = Vault XP
 C = Vault XP percentage of total XP
 D = Non-vault monster count
 E = Vault monster count
 F = Vault count percentage of total count
                 A         B        C        D         E       F
            +---------+---------+-------+---------+---------+-------
      Total |      57 |      36 |  38.7 |      14 |       1 |   6.7
            +---------+---------+-------+---------+---------+-------
        D:2 |      57 |      36 |  38.7 |      14 |       1 |   6.7
            +---------+---------+-------+---------+---------+-------
